 Dungeon Crawl Stone Soup version 0.18.1-1-g2f07953 (webtiles) character file.

8467 Sixotanaka the Carver (level 11, -1/75 HPs)
             Began as a Human Fighter on May 21, 2016.
             Was an Elder of Okawaru.
             Slain by a six-headed hydra (12 damage)
             ... on level 2 of the Lair of Beasts.
             The game lasted 00:27:11 (13261 turns).

Sixotanaka the Carver (Human Fighter)              Turns: 13261, Time: 00:27:12

Health: -1/75      AC: 16    Str: 20    XL:     11   Next: 56%
Magic:  13/13      EV:  5    Int:  9    God:    Okawaru [****..]
Gold:   386        SH:  5    Dex: 14    Spells: 0 memorised, 10 levels left

rFire  + + .     SeeInvis .     Y - +1 scimitar (flame)
rCold  . . .     Gourm    .     O - +3 ring mail {rF+}
rNeg   . . .     Faith    .     J - +0 buckler
rPois  .         Spirit   .     Q - +0 helmet
rElec  .         Dismiss  .     G - +2 cloak
rCorr  .         Reflect  .     (no gloves)
SustAt .         Harm     +     i - +1 pair of boots
MR     .....                    D - amulet of harm
Stlth  +.........               N - ring of protection from fire
                                E - +2 ring of dexterity

@: not resistant to hostile enchantments, very unstealthy
A: no striking features
a: Heroism, Renounce Religion


You were on level 2 of the Lair of Beasts.
You worshipped Okawaru.
Okawaru was greatly pleased with you.
You were not hungry.

You visited 3 branches of the dungeon, and saw 13 of its levels.

You collected 672 gold pieces.
You spent 286 gold pieces at shops.


   Skills:
 - Level 3.0 Fighting
 - Level 14.4 Long Blades
 + Level 8.1 Armour
 - Level 4.0 Shields
 - Level 3.1 Invocations


You had 10 spell levels left.
You didn't know any spells.

Dungeon Overview and Level Annotations

Branches:
Dungeon (10/15)            Temple (1/1) D:6            Lair (2/8) D:10
    Orc: D:9-12

Altars:
Ashenzari
Cheibriados
Dithmenos
Elyvilon
Fedhas
Gozag
Kikubaaqudgha
Makhleb
Nemelex Xobeh
Okawaru
Pakellas
Qazlal
Sif Muna
Trog
Vehumet
Xom
Yredelemnul
Zin
The Shining One

Shops:
D:8 [   D:10 (

Annotations:
D:8 Gastronok
D:9 exclusion: orc wizard
D:10 exclusion: oklob plant
Lair:2 exclusion: upstairs

Inventory:

Hand Weapons
 a - a +2 scimitar of holy wrath
   (You found it on level 6 of the Dungeon)
 b - a +1 short sword of venom
   (You took it off a kobold on level 1 of the Dungeon)
 V - a +0 blowgun
 Y - a +1 scimitar of flaming (weapon)
   (You took it off Erica on level 2 of the Lair of Beasts)
Missiles
 L - 7 javelins (quivered)
 W - 9 curare-tipped needles
Armour
 c - a +0 shield
 i - a +1 pair of boots (worn)
 t - the -4 cloak of the Accordion {rN+ rCorr Str+6 Int-3, unknown}
   (You found it on level 1 of the Lair of Beasts)

   It affects your strength (+6).
   It affects your intelligence (-3).
   It protects you from negative energy.
   It protects you from acid and corrosion.
 G - a +2 cloak (worn)
 J - a +0 buckler (worn)
 O - a +3 ring mail of fire resistance (worn)
   (You bought it in a shop on level 8 of the Dungeon)
 Q - a +0 helmet (worn)
Jewellery
 D - an amulet of harm (around neck)
 E - a +2 ring of dexterity (left hand)
 F - an uncursed ring of teleportation
 M - an uncursed amulet of rage
 N - a ring of protection from fire (right hand)
Wands
 U - a wand of iceblast (7/15)
Scrolls
 e - a scroll of fog {unknown}
 h - a scroll of noise {unknown}
 k - 5 scrolls of magic mapping
 l - 5 scrolls of remove curse {@r2}
 m - a scroll of enchant armour {unknown}
 s - 3 scrolls of amnesia
 y - 4 scrolls of teleportation {unknown}
 K - a scroll of enchant weapon {unknown}
 X - a scroll of identify {@r1}
Potions
 d - a potion of might
 j - 2 potions of heal wounds {@q2}
 n - 2 potions of degeneration {unknown}
 p - 2 potions of haste {@q3}
 q - 3 potions of agility {unknown}
 r - a potion of brilliance {unknown}
 u - a potion of mutation {unknown}
 v - 2 potions of berserk rage {unknown}
 w - a potion of cancellation {unknown}
 x - 4 potions of curing {@q1}
 A - 4 potions of ambrosia
 B - 3 potions of magic {unknown}
 C - a potion of cure mutation {unknown}
 I - 4 potions of flight {unknown}
 R - 3 potions of resistance {unknown}
 S - 2 potions of lignification {unknown}
Miscellaneous
 T - an ornate deck of wonders
Comestibles
 f - 7 bread rations
 g - 4 royal jellies
 o - 5 slices of pizza
 z - 4 beef jerkies
 H - 2 meat rations
 P - 3 fruits
 Z - 10 chunks of flesh

##†# # #P%## ##..#
### #####..## ##.#
#..##..##### #..<
##..........####...
#P..........PP.....
##.............#...
##@DH.........##...
#P.....[......#.<..
##..........####...
#..........# #....
###..##.#.## ###.P
######### #.# #.#
#.. ##.


You could see a six-headed hydra and a hippogriff.


Message History

You completely miss the yak.
The yak bellows!
You slash the yak! You burn the yak. The yak gores you but does no damage.
You slash the yak! You burn the yak.
You kill the yak!
Okawaru accepts your kill.
You barely miss the yak. You slice the yak!! You burn the yak.
The yak closely misses you.
The yak gores the plant!
You hit the yak. You burn the yak.
You kill the yak!
Okawaru accepts your kill.
Your Armour skill increases to level 8!
The yak gores you.
Things that are here:
a yak corpse; a river rat corpse You hit the yak but do no damage.
The yak gores you.
You hit the yak. You burn the yak. The yak closely misses you.
You hit the yak but do no damage. You barely miss the yak.
The yak gores you but does no damage.
You slash the yak! You burn the yak. The yak gores you but does no damage.
You hit the yak. You burn the yak. You slice the yak!! You burn the yak.
You kill the yak!
Okawaru accepts your kill.
No target in view!
You butcher the yak corpse.
Z - 14 chunks of flesh (gained 6)
You see here a river rat corpse.
You butcher the river rat corpse.
Things that are here:
an inedible chunk of flesh; a river rat skeleton You start resting.
Some of the chunks of flesh in your inventory have rotted away.
A hippogriff is nearby!
A seven-headed hydra comes into view.
The hippogriff screeches!
The seven-headed hydra roars!
You chop one of the seven-headed hydra's heads off!
The flame cauterises the wound!
You slash the six-headed hydra! You burn the six-headed hydra.
You block the six-headed hydra's attack.
The six-headed hydra bites you. x3; The six-headed hydra bites you!
The six-headed hydra bites you but does no damage.
You hit the plant but do no damage. The six-headed hydra barely misses you.
The six-headed hydra bites you but does no damage.
The six-headed hydra bites you!
* * * LOW HITPOINT WARNING * * *
The six-headed hydra bites you!
* * * LOW HITPOINT WARNING * * *
The six-headed hydra bites you but does no damage. x2
Read which item? (? for menu, Esc to quit)
Okay, then.
Drink which item? (? for menu, Esc to quit)
Okay, then.
Drink which item? (? for menu, Esc to quit)
Okay, then.
Read which item? (? for menu, Esc to quit)
Okay, then.
The six-headed hydra bites you but does no damage. x2
The six-headed hydra bites you.
* * * LOW HITPOINT WARNING * * *
The six-headed hydra barely misses you. x2
The six-headed hydra closely misses you.
There is a stone staircase leading up here.
The six-headed hydra bites you but does no damage.
The six-headed hydra bites you!
* * * LOW HITPOINT WARNING * * *
The six-headed hydra bites you but does no damage.
The six-headed hydra bites you!
You die...

Action                   |  1- 3 |  4- 6 |  7- 9 | 10-12 || total
-------------------------+-------+-------+-------+-------++-------
Melee: Long sword        |   111 |   111 |   265 |       ||   487
       Short sword       |       |    38 |    49 |       ||    87
       Scimitar          |       |       |   137 |   302 ||   439
Throw: Javelin           |       |       |     6 |     2 ||     8
Invok: Heroism           |       |       |       |     2 ||     2
  Use: Scroll            |       |       |     7 |     4 ||    11
       Potion            |       |       |       |     6 ||     6
  Eat: Chunk             |     1 |     5 |    11 |     8 ||    25
       Meat ration       |       |       |     2 |     1 ||     3
Armor: Scale mail        |    43 |    62 |   122 |       ||   227
       Ring mail         |       |       |    19 |   115 ||   134
Dodge: Dodged            |    36 |    59 |    89 |    87 ||   271
Block: Shield            |    58 |    72 |   107 |       ||   237
       Buckler           |       |       |    22 |    35 ||    57

Vault maps used:
D:1:      eino_arrival_cavern_b
D:2:      uniq_sigmund, uniq_terence, uniq_robin
D:3:      lemuel_crystal_altar, nicolae_gozag_cash_rules_everything_around_me
D:4:      elyvilon_altar_3, old_standard_altar, first_bread, uniq_pikel,
          uniq_crazy_yiuf_cottage
D:6:      minmay_temple_entry_statues_fountains
D:7:      old_standard_altar
D:8:      minmay_overflow_temple_star_quad, serial_shops, shop, uniq_gastronok
D:9:      hangedman_tell_no_tales, led_sif_book
D:10:     minmay_diamond_stairs, dpeg_oklobed_lair, serial_shops, shop,
          uniq_sonja
Temple:   hc_temple_tempest_star
Lair:1:   grunt_megastairs_1, uniq_nergalle
Lair:2:   uniq_erica

Notes
Turn   | Place    | Note
--------------------------------------------------------------
     0 | D:1      | Sixotanaka the Human Fighter began the quest for the Orb.
     0 | D:1      | Reached XP level 1. HP: 18/18 MP: 1/1
   167 | D:1      | Reached XP level 2. HP: 19/24 MP: 2/2
   341 | D:1      | Reached skill level 3 in Long Blades
   481 | D:1      | Reached XP level 3. HP: 28/29 MP: 3/3
  1090 | D:2      | Reached skill level 4 in Long Blades
  1090 | D:2      | Reached XP level 4. HP: 21/35 MP: 4/4
  1760 | D:2      | Noticed Sigmund
  1788 | D:2      | Killed Sigmund
  1788 | D:2      | Reached skill level 6 in Long Blades
  1788 | D:2      | Reached XP level 5. HP: 21/41 MP: 5/5
  1788 | D:2      | Reached XP level 6. HP: 24/47 MP: 6/6
  1936 | D:2      | Noticed Terence
  1948 | D:2      | Killed Terence
  1978 | D:2      | Noticed Robin
  2377 | D:2      | Killed Robin
  2784 | D:3      | Found a shattered altar of Ashenzari.
  2814 | D:3      | Found an opulent altar of Gozag.
  2833 | D:3      | Reached skill level 7 in Long Blades
  2833 | D:3      | Reached XP level 7. HP: 49/52 MP: 7/7
  3758 | D:4      | Noticed Pikel
  3781 | D:4      | Found a glowing silver altar of Zin.
  3828 | D:4      | Reached skill level 8 in Long Blades
  4152 | D:4      | Reached XP level 8. HP: 58/58 MP: 8/8
  4221 | D:4      | Found a white marble altar of Elyvilon.
  4557 | D:4      | Killed Pikel
  4557 | D:4      | Reached skill level 10 in Long Blades
  4711 | D:4      | Noticed Crazy Yiuf
  4731 | D:4      | Killed Crazy Yiuf
  4853 | D:5      | Entered Level 5 of the Dungeon
  4990 | D:5      | Reached XP level 9. HP: 63/63 MP: 9/9
  5386 | D:5      | Reached skill level 11 in Long Blades
  6112 | D:6      | Found a staircase to the Ecumenical Temple.
  6122 | Temple   | Entered the Ecumenical Temple
  6296 | Temple   | Became a worshipper of Warmaster Okawaru
  7230 | D:7      | Reached * piety under Okawaru
  7230 | D:7      | Reached skill level 4 in Shields
  7349 | D:7      | Found a glowing golden altar of the Shining One.
  7412 | D:7      | Reached skill level 12 in Long Blades
  7412 | D:7      | Reached skill level 1 in Invocations
  7768 | D:7      | Reached skill level 2 in Invocations
  7883 | D:8      | Found Giemebio's Armour Boutique.
  7892 | D:8      | Bought a +3 ring mail of fire resistance for 286 gold pieces
  7979 | D:8      | Noticed Gastronok
  7998 | D:8      | zzxc: oka erry day
  8045 | D:8      | HP: 10/62 [Gastronok/the air (22)]
  8334 | D:8      | Reached XP level 10. HP: 69/69 MP: 12/12
  8341 | D:8      | Reached skill level 3 in Invocations
  8595 | D:8      | Found an oddly glowing altar of Pakellas.
  8601 | D:8      | Found a blossoming altar of Fedhas.
  8608 | D:8      | Found a basalt altar of Yredelemnul.
  8775 | D:9      | Found a deep blue altar of Sif Muna.
  8867 | D:9      | Reached ** piety under Okawaru
  9518 | D:9      | Reached skill level 13 in Long Blades
 10082 | D:10     | Entered Level 10 of the Dungeon
 10174 | D:10     | Found a staircase to the Lair.
 10179 | D:10     | Noticed an oklob plant
 10575 | D:10     | Noticed a six-headed hydra
 10751 | D:10     | Noticed Sonja
 10759 | D:10     | Killed Sonja
 10759 | D:10     | Reached skill level 14 in Long Blades
 11189 | D:10     | Noticed a centaur warrior
 11202 | D:10     | Killed a centaur warrior
 11202 | D:10     | Reached XP level 11. HP: 32/74 MP: 13/13
 11514 | D:10     | Found Ockir's Weapon Boutique.
 11699 | Lair:1   | Entered Level 1 of the Lair of Beasts
 11879 | Lair:1   | Reached *** piety under Okawaru
 11879 | Lair:1   | Reached skill level 4 in Armour
 12045 | Lair:1   | Noticed a five-headed hydra
 12074 | Lair:1   | HP: 18/74 [spiny frog (21)]
 12075 | Lair:1   | HP: 8/75 [spiny frog (17)]
 12076 | Lair:1   | Reached skill level 5 in Armour
 12108 | Lair:1   | Got an ancient cloak
 12487 | Lair:2   | Reached skill level 6 in Armour
 12695 | Lair:2   | Noticed Erica
 12732 | Lair:2   | Killed Erica
 12732 | Lair:2   | Reached skill level 7 in Armour
 13138 | Lair:2   | Reached skill level 8 in Armour
 13146 | Lair:2   | Reached **** piety under Okawaru
 13230 | Lair:2   | Noticed a seven-headed hydra
 13231 | Lair:2   | zzxc: u bak
 13234 | Lair:2   | HP: 18/75 [six-headed hydra (15)]
 13237 | Lair:2   | Sixotanaka: yeah
 13237 | Lair:2   | Sixotanaka: had the tab open
 13237 | Lair:2   | zzxc: bak 4 rip
 13237 | Lair:2   | Sixotanaka: mm
 13237 | Lair:2   | zzxc: you just got hit didnt you?
 13237 | Lair:2   | Sixotanaka: yea
 13237 | Lair:2   | zzxc: run then
 13243 | Lair:2   | HP: 15/75 [six-headed hydra (5)]
 13261 | Lair:2   | HP: 11/75 [six-headed hydra (8)]
 13261 | Lair:2   | Slain by a six-headed hydra

Vanquished Creatures
  Erica (Lair:2)
  A centaur warrior (D:10)
  Sonja (D:10)
  Pikel (D:4)
  2 spiny frogs
  A komodo dragon (Lair:1)
  A troll (D:9)
  Sigmund (D:2)
  3 yaks (Lair:2)
  A hungry ghost (D:9)
  2 hippogriffs
  A water moccasin (Lair:2)
  A porcupine (Lair:2)
  A black bear (D:9)
  An ice beast (D:5)
  An orc warrior (D:9)
  A sky beast (D:5)
  A slave (D:4)
  3 ogres
  2 necrophages
  2 centaurs (D:10)
  A crocodile (Lair:2)
  2 big kobolds
  7 giant frogs
  A wyvern skeleton (D:9)
  6 killer bees (D:7)
  3 scorpions
  A troll skeleton (D:9)
  2 spriggan skeletons (D:9)
  5 crimson imps
  4 centaur skeletons (D:9)
  3 jellies
  A quasit (D:8)
  2 orc priests
  5 hounds
  A giant frog skeleton (D:5)
  8 orc wizards
  Crazy Yiuf (D:4)
  Terence (D:2)
  3 iguanas
  3 worker ants
  A hound skeleton (D:10)
  Robin (D:2)
  10 adders
  15 gnolls
  18 river rats (Lair:2)
  4 shadow imps
  An ooze (D:3)
  A worm (D:4)
  4 dart slugs
  3 giant geckos
  25 orcs
  A ball python (D:2)
  7 bats
  6 giant cockroaches
  7 goblins
  13 hobgoblins
  3 jackals (D:1)
  4 quokkas
  2 giant newts
  A jackal zombie (D:5)
  13 kobolds
  11 rats
  2 fungi (D:4)
  A plant (D:10)
243 creatures vanquished.

Vanquished Creatures (others)
  A plant (Lair:2)
1 creature vanquished.

Grand Total: 244 creatures vanquished
